 Dungeon Crawl Stone Soup version 0.24.1-8-ga250c9d538 (webtiles) character file.

Game seed: 13836524849109533016, levelgen mode: deterministic

938 Kaiern the Chiller (level 8, 0/58 HPs)
             Began as a Merfolk Ice Elementalist on May 9, 2020.
             Was a Believer of Sif Muna.
             Slain by an ice beast (9 damage)
             ... on level 5 of the Dungeon.
             The game lasted 00:51:21 (9781 turns).

Kaiern the Chiller (Merfolk Ice Elementalist)       Turns: 9781, Time: 00:51:21

Health: 0/58       AC:  2    Str: 14    XL:     8   Next: 12%
Magic:  14/14      EV: 14    Int: 21    God:    Sif Muna [**....]
Gold:   292        SH:  0    Dex: 14    Spells: 8/15 levels left

rFire    . . .     SeeInvis .   l - +1 spear
rCold    . . .     Gourm    .   (no shield)
rNeg     . . .     Faith    .   a - +0 robe
rPois    +         Spirit   .   s - +0 hat {MR+}
rElec    .         Reflect  .   (no cloak)
rCorr    .         Harm     .   (no gloves)
MR       +....                  (no boots)
Stlth    +++.......             (no amulet)
HPRegen  0.19/turn              j - ring of poison resistance
MPRegen  0.14/turn              h - +5 ring of intelligence

@: mighty
A: change form in water, swift swim, stealthy swim
a: Channel Magic, Renounce Religion


You were on level 5 of the Dungeon.
You worshipped Sif Muna.
Sif Muna was pleased with you.
You were not hungry.

You visited 1 branch of the dungeon, and saw 6 of its levels.

You collected 292 gold pieces.

Inventory:

Hand Weapons
 l - a +1 spear (weapon)
 o - a +2 short sword of protection
Missiles
 f - 262 stones (quivered)
Armour
 a - a +0 robe (worn)
 p - the +1 ring mail of the Kettle-Drum {+Blink rPois rC- rN+++, unknown}
   (You found it on level 4 of the Dungeon)

   It makes you vulnerable to cold.
   It protects you from poison.
   It renders you almost immune to negative energy.
   It lets you blink.
 q - a +0 helmet
 s - a +0 hat of magic resistance (worn)
Jewellery
 h - a +5 ring of intelligence (right hand)
 j - a ring of poison resistance (left hand)
 m - an uncursed ring of positive energy
Scrolls
 e - a scroll of amnesia
 i - 2 scrolls of magic mapping
 u - 3 scrolls of remove curse
 v - a scroll of enchant armour {unknown}
Potions
 b - a potion of curing
 g - a potion of magic {unknown}
 k - a potion of might
 n - 2 potions of invisibility {unknown}
 r - a potion of ambrosia {unknown}
Comestibles
 c - 7 rations


   Skills:
 - Level 3.1 Fighting
 - Level 4.0 Dodging
 - Level 4.0 Stealth
 + Level 4.0 Spellcasting
 + Level 2.6 Conjurations
 - Level 7.0 Ice Magic


You had 8 spell levels left.
You knew the following spells:

 Your Spells              Type           Power        Failure   Level  Hunger
a - Freeze                Ice            ####         1%          1    None
b - Throw Frost           Conj/Ice       ###...       2%          2    #......
c - Throw Icicle          Conj/Ice       ###.....     16%         4    ####...

Your spell library contained the following spells:

 Spells                   Type           Power        Failure   Level  Hunger
 Magic Dart               Conj           ###.         4%          1    None
 Ozocubu's Armour         Chrm/Ice       ###.....     9%          3    ###....
 Blink                    Tloc           N/A          19%         2    #......
 Call Imp                 Summ           #.......     19%         2    #......
 Slow                     Hex            #.......     19%         2    #......
 Conjure Flame            Conj/Fire      #.......     22%         3    ###....
 Mephitic Cloud           Conj/Pois/Air  #.......     26%         3    ###....
 Summon Ice Beast         Ice/Summ       ###.....     28%         4    ####...


Dungeon Overview and Level Annotations

Branches:
Dungeon (6/15)
 Temple: D:4-7

Altars:
Ashenzari
Okawaru
Sif Muna
The Shining One

Shops:
D:6 ?

Annotations:
D:4 3 runed translucent doors, Lidrolic's ghost, amateur HuFi


Message History

The ice beast hits you but does no damage.
You hit the ice beast.
The ice beast is heavily wounded.
The ice beast hits you. The ice beast freezes you!
* * * LOW HITPOINT WARNING * * *
The ice beast barely misses you.
You climb upwards.
There is a stone staircase leading down here.
You feel better.
The ice beast hits you but does no damage.
You feel very mighty all of a sudden. The ice beast misses you.
You closely miss the ice beast.
The ice beast is heavily wounded.
The ice beast hits you. The ice beast freezes you!
* * * LOW HITPOINT WARNING * * *
The ice beast hits you.
* * * LOW HITPOINT WARNING * * *
The ice beast freezes you!
You die...

##..............).......##...##
####............#.....#.......###
#...............#.....##.....###.
...............#...#.........##..
#####.............###........(...
# #...#####....## ###.........#
##.## ##...## ##........## #..#
#....####....(...## ##.##
##..@..##......).## #..#
#..#.Y.....###...## ###..##
#.####....####....###
##.....######.# ##.### #........
...###....##..# #.# ##......#.
.### ####....## ##.# ##...#..###
## ##...#####..###..###.## # #
##..........#..###.## ##
#.....#####...####.#


You could see an ice beast.

Vanquished Creatures
  A centaur (D:5)
  4 big kobolds (D:3)
  An orc priest (D:4)
  3 hounds
  An orc wizard (D:4)
  A bullfrog skeleton (D:5)
  3 worker ants
  An iguana (D:4)
  A hound skeleton (D:4)
  Robin (D:4)
  12 gnolls
  4 adders
  An ooze (D:5)
  4 worms
  A dart slug (D:1)
  3 leopard geckos
  4 orcs
  A ball python (D:3)
  7 bats
  4 giant cockroaches
  32 goblins
  27 hobgoblins
  A quokka (D:2)
  A ball python skeleton (D:3)
  4 frilled lizards
  6 kobolds
  12 rats
141 creatures vanquished.

Notes
Turn   | Place    | Note
-------+----------+-------------------------------------------
     0 | D:1      | Kaiern the Merfolk Ice Elementalist began the quest for the
                  | Orb.
     0 | D:1      | Reached XP level 1. HP: 13/13 MP: 3/3
   409 | D:1      | Reached XP level 2. HP: 16/19 MP: 0/5
  1173 | D:1      | Reached XP level 3. HP: 23/24 MP: 1/6
  1750 | D:2      | Reached skill level 4 in Ice Magic
  1865 | D:2      | Learned a level 2 spell: Throw Frost
  2192 | D:2      | Reached XP level 4. HP: 30/30 MP: 3/8
  2360 | D:2      | Found an iron altar of Okawaru.
  2500 | D:2      | Found a shattered altar of Ashenzari.
  2512 | D:2      | Found a glowing golden altar of the Shining One.
  3560 | D:3      | Learned a level 4 spell: Throw Icicle
  4440 | D:3      | Found a shimmering blue altar of Sif Muna.
  4444 | D:3      | Became a worshipper of Sif Muna the Loreminder
  4641 | D:3      | Reached XP level 5. HP: 33/35 MP: 7/9
  5330 | D:3      | Reached skill level 1 in Fighting
  5538 | D:3      | Reached * piety under Sif Muna
  5577 | D:3      | Reached XP level 6. HP: 24/43 MP: 1/11
  5888 | D:3      | Reached skill level 5 in Ice Magic
  6142 | D:3      | Reached XP level 7. HP: 52/52 MP: 10/13
  6429 | D:4      | You fall into a shaft and drop 1 floor!
  6429 | D:5      | Entered Level 5 of the Dungeon
  7151 | D:4      | Reached skill level 1 in Conjurations
  7352 | D:4      | Reached skill level 6 in Ice Magic
  7669 | D:4      | Got a steaming ring mail
  7712 | D:4      | Reached ** piety under Sif Muna
  7745 | D:4      | Found a runed translucent gate.
  7746 | D:4      | Found a runed translucent gate.
  7746 | D:4      | Noticed Lidrolic's ghost (amateur HuFi)
  7747 | D:4      | Found a runed translucent gate.
  7804 | D:4      | Noticed Robin
  7974 | D:4      | Killed Robin
  8935 | D:5      | Reached XP level 8. HP: 53/58 MP: 10/14
  9120 | D:5      | Reached skill level 7 in Ice Magic
  9457 | D:6      | Found Zaeg's Magic Scroll Emporium.
  9781 | D:5      | Slain by an ice beast

Levels and vault maps discovered:
D:1:      dpeg_arrival_three_same_balls, layout_rooms, minmay_tetromino_s2
D:2:      layout_rooms, amethyst_overflow_temple_binary,
          nicolae_overflow_hidden_temple, first_ration
D:3:      minmay_goblin_kobold_castle, layout_basic, led_sif_book
D:4:      layout_basic, gammafunk_ghost_split, uniq_robin
D:5:      layout_layer_cave
D:6:      layout_basic, kennysheep_mini_moat, lemuel_round_altar,
          minmay_temple_entry_statues, gammafunk_ghost_split, serial_shops,
          nicolae_shop_competitors_out_of_business, chequers_mini_garden

Skill      XL: |  1  2  3  4  5  6  7  8 |
---------------+-------------------------+-----
Stealth        | 3 4 |  4.0
Ice Magic      | 4 5 6 7 |  7.0
Spellcasting   | 3 4 |  4.0
Fighting       | 1 3 |  3.1
Dodging        | 4 |  4.0
Conjurations   | 2 |  2.6

Action                   |  1- 3 |  4- 6 |  7- 9 || total
-------------------------+-------+-------+-------++-------
Melee: Spear             |    59 |    41 |    64 ||   164
       Tailslap          |       |     1 |       ||     1
Throw: Stone             |     7 |    17 |    14 ||    38
       Dart              |       |    10 |     4 ||    14
 Cast: Freeze            |    44 |   124 |    85 ||   253
       Throw Frost       |       |       |     7 ||     7
  Use: Scroll            |       |       |    11 ||    11
       Potion            |       |       |     2 ||     2
 Stab: Sleeping          |     7 |       |       ||     7
  Eat: Ration            |     1 |     3 |     1 ||     5
       Chunk             |     1 |     4 |     7 ||    12
Armor: Robe              |     7 |     8 |     8 ||    23
Dodge: Dodged            |    53 |    83 |    80 ||   216
